 Dungeon Crawl Stone Soup version 0.30.1-11-g7821555f0a (webtiles) character file.

Game seed: 6290977980819691508

26 pkoi the Conjurer (level 3, 0/21 HPs)
             Began as an Octopode Conjurer on Nov 14, 2023.
             Slain by Robin
             ... wielding a +0 whip
              (6 damage)
             ... on level 1 of the Dungeon.
             The game lasted 00:01:44 (1392 turns).

pkoi the Conjurer (Octopode Conjurer)               Turns: 1392, Time: 00:01:45

Health: 0/21       AC:  1    Str:  6    XL:     3   Next: 8%
Magic:  0/6        EV: 13    Int: 22    God:
Gold:   30         SH:  0    Dex: 10    Spells: 5/6 levels left

rFire   . . .        k - +3 short sword
rCold   . . .        (no shield)
rNeg    . . .        (helmet restricted)
rPois   .            d - amulet of regeneration
rElec   .            (no ring)
rCorr   .            (no ring)
SInv    .            (no ring)
Will    +....        (no ring)
Stlth   +++          (no ring)
HPRegen 1.03/turn    (no ring)
MPRegen 0.10/turn    (no ring)
                     (no ring)

%: no passive effects
@: no status effects
A: almost no armour, amphibious, 8 rings, camouflage 1, gelatinous body 1,
(nimble swimmer 1), tentacles, tentacle spike 1, strong-willed 1
a: no special abilities


You were on level 1 of the Dungeon.
You visited 1 branch of the dungeon, and saw 2 of its levels.

You collected 30 gold pieces.

Inventory:

Hand Weapons
 i - a +0 dagger
 k - a +3 short sword (weapon)
Jewellery
 d - an amulet of regeneration (around mantle)
Scrolls
 c - 4 scrolls of fear {unknown}
 e - a scroll of poison {unknown}
 j - 2 scrolls of teleportation {unknown}
 l - a scroll of enchant weapon {unknown}
 m - a scroll of noise {unknown}
 n - 2 scrolls of identify {unknown}
Potions
 a - a potion of magic
 f - a potion of lignification {unknown}
 g - a potion of curing
 h - a potion of might


   Skills:
 - Level 2.0 Dodging
 - Level 2.6 Stealth
 - Level 2.0 Spellcasting
 + Level 4.9 Conjurations


You had 5 spell levels left.
You knew the following spells:

 Your Spells              Type           Power      Damage    Failure   Level
a - Magic Dart            Conj           96%        1d7       1%          1

Your spell library contained the following spells:

 Spells                   Type           Power      Damage    Failure   Level
 Searing Ray              Conj           48%        2d6       2%          2
 Dazzling Flash           Conj/Hex       26%        N/A       16%         3
 Fulminant Prism          Conj/Hex       6%         3d7       45%         4
 Iskenderun's Mystic Bla  Conj/Tloc      13%        2d5       45%         4


Dungeon Overview and Level Annotations

Branches:
Dungeon (2/15)

Altars:

Shops:
D:1 [

Annotations:
D:1 Robin


Innate Abilities, Weirdness & Mutations

You cannot wear most types of armour.
You are amphibious.
You can wear up to eight rings at the same time.
Your skin changes colour to match your surroundings (Stealth+).
Your rubbery body absorbs attacks. (AC +1, EV +1)
((You are camouflaged when in or above water. (Stealth+)))
You have tentacles for arms and can constrict up to eight enemies at once.
One of your tentacles bears a spike.
You are strong-willed. (Will+)


Message History

One of your lower tentacles grows a sharp spike.
You feel strong-willed. Robin misses you.
It was a potion of curing.
You feel better. Robin barely misses you.
Aiming: Magic Dart (safe; 1% risk of failure)
Press: ? - help, Q - select action Shift-Dir - straight line, f - Robin
Aim: Robin, wielding a +0 whip, wearing a +2 animal skin and wearing a +0 helmet (strong, 100% to hit)
The magic dart hits Robin but does no damage.
Robin closely misses you.
You closely miss Robin. You grab Robin. You constrict Robin.
Robin hits you with a +0 whip.
You completely miss Robin.
Robin is lightly wounded.
You constrict Robin, but do no damage. Robin hits you with a +0 whip.
Aiming: Magic Dart (safe; 1% risk of failure)
Press: ? - help, Q - select action Shift-Dir - straight line, f/p - Robin
Aim: Robin, wielding a +0 whip, wearing a +2 animal skin and wearing a +0 helmet (lightly wounded, constricted by you, strong, 100% to hit)
The magic dart hits Robin.
Robin is heavily wounded.
You constrict Robin. Robin barely misses you.
Aiming: Magic Dart (safe; 1% risk of failure)
Press: ? - help, Q - select action Shift-Dir - straight line, f/p - Robin
Aim: Robin, wielding a +0 whip, wearing a +2 animal skin and wearing a +0 helmet (heavily wounded, constricted by you, strong, 100% to hit)
The magic dart hits Robin but does no damage.
Robin is heavily wounded.
You constrict Robin. Robin barely misses you.
Aiming: Magic Dart (safe; 1% risk of failure)
Press: ? - help, Q - select action Shift-Dir - straight line, f/p - Robin
Aim: Robin, wielding a +0 whip, wearing a +2 animal skin and wearing a +0 helmet (severely wounded, constricted by you, strong, 100% to hit)
The magic dart hits Robin.
Robin is almost dead.
You constrict Robin, but do no damage. Robin hits you with a +0 whip!
* * * LOW HITPOINT WARNING * * *
Aiming: Magic Dart (safe; 1% risk of failure)
Press: ? - help, Q - select action Shift-Dir - straight line, f/p - Robin
Aim: Robin, wielding a +0 whip, wearing a +2 animal skin and wearing a +0 helmet (almost dead, constricted by you, strong, 100% to hit)
The magic dart hits Robin but does no damage.
Robin is almost dead.
You constrict Robin, but do no damage. Robin hits you with a +0 whip.
You die...

###~~~##### #####
##~~~~~~~~~###...#
~~~~#####~~~~###.# ~~### #~~###
#.# #########~~~# #.# #~~~~~#####
#.# ########~~~~~# #.#
~~~~#######~~###.#
#~~~~~~~~~~#~~~#@#
################g##### #
#...>...# #.......############
#.......##.....รท.... ##
###.....##...P.P....
.###############.....##.###'###..
###...........##.....##.#8...8#..
.##...........##........#.###.#..


You could see Robin (strong).

Vanquished Creatures
  A dart slug (D:1)
  A ball python (D:1)
  An endoplasm (D:1)
  6 goblins (D:1)
  3 hobgoblins (D:1)
  4 bats (D:1)
  A frilled lizard (D:1)
  3 kobolds (D:1)
  4 rats (D:1)
24 creatures vanquished.

Notes
Turn   | Place    | Note
-------+----------+-------------------------------------------
     0 | D:1      | pkoi the Octopode Conjurer began the quest for the Orb.
     0 | D:1      | Reached XP level 1. HP: 11/11 MP: 3/3
    26 | D:1      | Found Ditidd's Armour Boutique.
   282 | D:1      | Reached XP level 2. HP: 17/17 MP: 0/5
   940 | D:1      | Found a faded altar of an unknown god.
   940 | D:1      | Noticed an ice devil
  1284 | D:1      | Reached XP level 3. HP: 21/21 MP: 3/6
  1376 | D:2      | Noticed Robin
  1384 | D:1      | Gained mutation: One of your tentacles bears a spike.
                  | [potion of mutation]
  1384 | D:1      | Gained mutation: You are strong-willed. (Will+) [potion of
                  | mutation]
  1392 | D:1      | Slain by Robin

Illustrated notes

Levels and vault maps discovered:
D:1:      psy_arrival_statuary, layout_loops_ring, serial_rivers,
          chequers_serial_rivers_micro_b, chequers_serial_rivers_room_b,
          chequers_serial_rivers_room_b, chequers_serial_rivers_large_b,
          dreamdust_ecumenical_altar_sealed_demon, serial_shops, shop
D:2:      layout_basic, serial_bayou_pond_b, uniq_robin

Action                     || total
---------------------------++-------
  Melee: Dagger            ||     2
         Tentacles         ||     2
         Short sword       ||     4
         Constrict         ||     1
   Cast: Magic Dart        ||    46
    Use: Potion            ||     2
 Armour: Skin              ||     1
  Dodge: Dodged            ||    11
